 Dungeon Crawl Stone Soup version 0.27-a0-972-gd1521fd518 (webtiles) character file.

Game seed: 9145278570203644410

96 kae the Ruffian (level 4, -4/35 HPs)
             Began as a Draconian Transmuter on Apr 13, 2021.
             Killed by nerve-wracking pain
             ... invoked by Grinder
              (12 damage)
             ... while paralysed by Grinder
             ... on level 3 of the Dungeon.
             The game lasted 00:01:35 (2949 turns).

kae the Ruffian (Draconian Transmuter)              Turns: 2949, Time: 00:01:35

Health: -4/35      AC:  2    Str: 13    XL:     4   Next: 41%
Magic:  3/7        EV:  5    Int: 14    God:
Gold:   52         SH:  0    Dex: 16    Spells: 3/7 levels left

rFire    . . .     SeeInvis .     - Unarmed
rCold    . . .     Faith    .   (shield currently unavailable)
rNeg     . . .     Spirit   .   (armour unavailable)
rPois    x         Reflect  .   (helmet currently unavailable)
rElec    .         Harm     .   (cloak currently unavailable)
rCorr    .         Rampage  .   (gloves currently unavailable)
Will     .....                  (boots currently unavailable)
Stlth    +.........             (no amulet)
HPRegen  0.11/turn              (no ring)
MPRegen  0.10/turn              (no ring)

@: paralysed, spider-form, hasted
A: venomous fangs, AC +5, tiny, unfitting armour, (cold-blooded)
a: End Transformation


You were on level 3 of the Dungeon.
You were a venomous arachnid creature.
You visited 1 branch of the dungeon, and saw 3 of its levels.

You collected 52 gold pieces.

Inventory:

Jewellery
 e - a +4 ring of protection
 f - a ring of poison resistance
Potions
 a - 3 potions of attraction
 g - a potion of haste
 h - a potion of curing {unknown}


   Skills:
 - Level 1.5 Fighting
 - Level 2.0 Dodging
 - Level 3.4 Unarmed Combat
 - Level 2.2 Spellcasting
 + Level 3.3 Transmutations
 + Level 1.9 Poison Magic


You had 3 spell levels left.
You knew the following spells:

 Your Spells              Type           Power      Damage    Failure   Level
a - Beastly Appendage     Tmut           20%        N/A       17%         1
b - Spider Form           Tmut/Pois      4%         N/A       45%         3

Your spell library contained the following spells:

 Spells                   Type           Power      Damage    Failure   Level
 Wereblood                Tmut           10%        N/A       22%         2
 Confusing Touch          Hex            1%         N/A       77%         3
 Gell's Gravitas          Tloc           0%         N/A       77%         3
 Ice Form                 Ice/Tmut       6%         N/A       89%         4
 Petrify                  Tmut/Erth      6%         N/A       89%         4
 Hydra Form               Tmut           5%         N/A       95%         5
 Yara's Violent Unravell  Hex/Tmut       3%         3d4       99%         5
 Metabolic Englaciation   Hex/Ice        0%         N/A       100%        5


Dungeon Overview and Level Annotations

Branches:
Dungeon (3/15)

Altars:
Ashenzari

Annotations:
D:2 1 runed translucent door, Crazy Yiuf
D:3 Grinder


Innate Abilities, Weirdness & Mutations

You are a venomous arachnid creature.
You have poisonous fangs.
You are tiny and dextrous.
Your spellcasting is less reliable in this form.
Your armour is entirely melded.
You are incapable of wielding weapons or throwing items.
((Your plain brown scales are hard. (AC +5)))
You cannot fit into any form of body armour.
((You are cold-blooded and may be slowed by cold attacks.))


Message History

Grinder is lightly wounded.
Grinder closely misses you.
You barely miss Grinder.
Grinder is lightly wounded.
Grinder barely misses you.
You hit Grinder but do no damage.
Grinder is lightly wounded.
Grinder barely misses you.
You barely miss Grinder.
Grinder is lightly wounded.
Your transformation has ended.
Grinder gestures at you. Pain shoots through your body!
Casting: Spider Form (quite dangerous; 24% risk of failure)
Confirm with . or Enter, or press ? or * to list all spells.
The spell is quite dangerous to cast (24% risk of failure)!
Continue anyway? [Y]es or [N]o only, please.
The spell is quite dangerous to cast (24% risk of failure)!
Continue anyway? [Y]es or [N]o only, please.
The spell is quite dangerous to cast (24% risk of failure)!
Continue anyway?
You turn into a venomous arachnid creature.
Grinder closely misses you.
It was a potion of haste.
You feel yourself speed up. Grinder misses you.
You hit Grinder.
Grinder is moderately wounded.
You barely miss Grinder.
Grinder is moderately wounded.
Grinder gestures at you. Pain shoots through your body!
* * * LOW HITPOINT WARNING * * *
You hit Grinder but do no damage.
Grinder is moderately wounded.
Grinder blinks!
There is a stone staircase leading down here.
Grinder gestures at you.
You suddenly lose the ability to move!
Grinder says, "Just stop there for a second..."
Grinder gestures at you. Pain shoots through your body!
You die...

###########
..........#
#########.# .#
#.# ### .# #.#
... ## .# #.#
###.#.... .#
#.#
######.._..#
.# #.#
#.s>.5.# .#
#.#####.######
.# #....(..#
.# #########
.# .# .# ##


You could see Grinder.

Vanquished Creatures
  Jessica (D:2)
  An adder (D:3)
  3 worms
  2 dart slugs
  5 ball pythons
  3 bats (D:1)
  4 endoplasms
  2 goblins
  A hobgoblin (D:1)
  4 jackals (D:1)
  9 kobolds
  A quokka (D:3)
  6 frilled lizards (D:1)
  10 rats
52 creatures vanquished.

Vanquished Creatures (others)
  30 plants
30 creatures vanquished.

Grand Total: 82 creatures vanquished

Notes
Turn   | Place    | Note
-------+----------+-------------------------------------------
     0 | D:1      | kae the Draconian Transmuter began the quest for the Orb.
     0 | D:1      | Reached XP level 1. HP: 16/16 MP: 3/3
    59 | D:1      | Reached XP level 2. HP: 7/23 MP: 3/5
  1124 | D:1      | Reached XP level 3. HP: 28/28 MP: 4/6
  1128 | D:1      | Learned a level 3 spell: Spider Form
  1485 | D:2      | Noticed Jessica
  1493 | D:2      | Killed Jessica
  1494 | D:2      | Reached skill level 1 in Poison Magic
  1723 | D:2      | Reached XP level 4. HP: 27/35 MP: 4/7
  1949 | D:2      | Found a runed translucent door.
  1950 | D:2      | Noticed Crazy Yiuf
  2601 | D:3      | Found a faded altar of an unknown god.
  2919 | D:3      | Found a broken altar of Ashenzari.
  2922 | D:3      | Noticed Grinder
  2931 | D:3      | Paralysed by Grinder for 6 turns
  2947 | D:3      | Paralysed by Grinder for 2 turns
  2949 | D:3      | Killed from afar by Grinder

Illustrated notes

Levels and vault maps discovered:
D:1:      dpeg_arrival_lava_temple_mockup, layout_basic
D:2:      layout_basic, kennysheep_boxes, uniq_jessica, uniq_crazy_yiuf_cottage
D:3:      layout_loops_ring, ashenzari_altar_1, lemuel_round_altar,
          chequers_ecumenical_altar_simple_redux, kennysheep_flooded_box,
          st_stairs_3, serial_bayou_pond_d, uniq_grinder

Skill      XL: |  1  2  3 |
---------------+----------+-----
Dodging        | 2 |  2.0
Transmutations | 3 |  3.3
Poison Magic   | 1 |  1.9
Fighting       | |  1.5
Unarmed Combat | |  3.4
Spellcasting   | |  2.2

Action                   |  1- 3 |  4- 6 || total
-------------------------+-------+-------++-------
Melee: Unarmed           |    99 |    65 ||   164
       Headbutt          |    12 |     5 ||    17
       Kick              |    11 |    10 ||    21
       Tailslap          |     6 |     6 ||    12
 Cast: Beastly Appendage |    21 |     9 ||    30
       Spider Form       |     1 |     2 ||     3
  Use: Scroll            |       |     3 ||     3
       Potion            |       |     1 ||     1
 Stab: Sleeping          |     1 |       ||     1
Armor: Skin              |    45 |    13 ||    58
Dodge: Dodged            |    67 |    36 ||   103

Table legend: (Time is in decaauts)
 A = Elapsed time spent in this place.
 B = Non-inter-level travel time spent in this place.
 C = Inter-level travel time spent in this place.
 D = Time resting spent in this place.
 E = Time spent auto-exploring this place.
 F = Levels seen in this place.
 G = Mean time per level.
                   A        B        C        D        E       F      G
               +--------+--------+--------+--------+--------+-----+--------+
         Total |   2940 |   2904 |     36 |    347 |   2119 |   3 |  980.0 |
       Dungeon |   2940 |   2904 |     36 |    347 |   2119 |   3 |  980.0 |
               +--------+--------+--------+--------+--------+-----+--------+

Top non-repeatable levels by time:
     D:1: 1419 daAuts
     D:2: 892 daAuts
     D:3: 629 daAuts
